[Event "European Rapid Championship 2021"]
[Site "Katowice"]
[Date "2021.12.18"]
[Round "2.23"]
[White "Melderis, Uldis"]
[Black "Zakrzewski, Marek"]
[Result "1/2-1/2"]
[ECO "A00"]
[WhiteElo "1832"]
[BlackElo "2239"]
[Annotator "NA"]
[PlyCount "92"]
[EventDate "2021.12.18"]
[EventType "swiss"]
[EventCountry "POL"]
[SourceTitle "playchess.com"]
[Source "ChessBase"]
[SourceQuality "1"]
[TimeControl "900+10"]

1. b4 e5 2. Bb2 Bxb4 3. Bxe5 Nf6 4. Nf3 d5 5. e3 Nc6 6. Bb2 Bg4 7. Be2 Qd7 8. O-O O-O-O 9. d3 h5 10. Nbd2 Kb8 11. Ne5 Nxe5 12. Bxe5 Qe6 13. d4 Nd7 14. Bxg4 hxg4 15. Bg3 Bd6 16. Bxd6 Qxd6 17. f4 Qh6 18. Qxg4 Qxh2+ 19. Kf2 Nf6 20. Qg3 Qh5 21. Rg1 Ng4+ 22. Kf1 Rde8 23. Re1 Nxe3+ 24. Rxe3 Qd1+ 25. Qe1 Qxe1+ 26.
Rxe1 Rd8 27. Re7 Rhf8 28. Kf2 a5 29. Rh1 Rd6 30. Rh7 Rc6 31.
Rxg7 Rxc2 32. Ke2 Rxa2 33. Rgxf7 Rc8 34. g4 a4 35. g5 a3 36. g6 Rb2 37. g7 a2 38. Rf8 a1=Q 39. Rxc8+ Ka7 40. Ra8+ Kxa8 41. g8=Q+ Ka7 42. Qxd5 Qa6+ 43. Ke1 Qa1+ 44.
Ke2 Qa6+ 45. Ke1 Qa1+ 46. Ke2 Qa6+ 1/2-1/2

[Event "European Rapid Championship 2021"]
[Site "Katowice"]
[Date "2021.12.18"]
[Round "2.24"]
[White "Skrzyczek, Tomasz"]
[Black "Diermair, Andreas"]
[Result "0-1"]
[ECO "B13"]
[WhiteElo "1891"]
[BlackElo "2408"]
[Annotator "ChessBase"]
[PlyCount "116"]
[EventDate "2021.12.18"]
[EventType "swiss"]
[EventCountry "POL"]
[SourceTitle "playchess.com"]
[Source "ChessBase"]
[SourceQuality "1"]
[TimeControl "900+10"]

1. e4 c6 2. d4 d5 3. exd5 cxd5 4. Bd3 Nf6 5. c3 Bg4 6. Qb3 Qc7 7. Ne2 Nc6 8. Bf4 Qd7 9. Nd2 e6 10. O-O Be7 11. Rae1 Rc8 12. Ng3 Nh5 13. Nxh5 Bxh5 14. Re3 Bg6 15. Nf3 Na5 16. Qc2 Nc4 17. Re2 Bd6 18. Bxd6 Qxd6 19. Ne5 Nxe5 20. Rxe5 Qb6 21. Qa4+ Kf8 22. Qa3+ Kg8 23. Be2 h6 24. f4 Kh7 25. Bh5 Bxh5 26. Rxh5 f6 27. Rf3 Rhe8 28. Qb3 Qxb3 29. axb3 a5 30. Re3 Kg6 31. g4 Kf7 32. Rhh3 Rc6 33. Re2 Rd8 34. Rhe3 Rb6 35. f5 exf5 36. Re7+ Kg6 37. gxf5+ Kxf5 38. Rxg7 Rxb3 39. Kf2 a4 40. Rg3 a3 41. bxa3 Rxa3 42. Ree3 Ra2+ 43. Kg1 Rda8 44. Rgf3+ Kg6 45. Rg3+ Kf7 46.
Rh3 Rc2 47. Ref3 Ra1+ 48. Rf1 Rxf1+ 49. Kxf1 Kg6 50. Rg3+ Kf5 51. Rh3 b5 52. Rh5+ Ke4 53. Rh4+ Kd3 54. Rh3+ Kc4 55. Rxh6 Kxc3 56. h4 b4 57. Rxf6 b3 58. h5 b2 0-1

[Event "European Rapid Championship 2021"]
[Site "Katowice"]
[Date "2021.12.18"]
[Round "2.25"]
[White "Gretarsson, Helgi Ass"]
[Black "Czarnecka, Lidia"]
[Result "1-0"]
[ECO "D10"]
[WhiteElo "2476"]
[BlackElo "1900"]
[Annotator "ChessBase"]
[PlyCount "93"]
[EventDate "2021.12.18"]
[EventType "swiss"]
[EventCountry "POL"]
[SourceTitle "playchess.com"]
[Source "ChessBase"]
[SourceQuality "1"]
[TimeControl "900+10"]

1. d4 d5 2. c4 c6 3. Nc3 Nf6 4. e3 Bg4 5. Qb3 Qb6 6. c5 Qxb3 7. axb3 Nbd7 8.
b4 e5 9. b5 exd4 10. exd4 Be7 11. bxc6 bxc6 12. Ba6 Rb8 13. f3 Be6 14. Nge2 O-O 15. Ra2 Bf5 16. Bf4 Rb4 17. Kd2 Bd8 18. g4 Bg6 19. Bd6 Re8 20.
h4 h6 21. h5 Bh7 22. Nd1 Bb1 23. Ra1 Bh7 24. Kc3 Rb8 25. Bxb8 Nxb8 26. Bd3 Bxd3 27. Kxd3 a5 28. Ne3 Na6 29. Nc2 Nh7 30. Ng3 Ng5 31. Rhe1 Ne6 32. Nf5 Bc7 33. Kc3 Kf8 34. b4 Nxb4 35. Nxb4 axb4+ 36. Kxb4 Bf4 37. Kc3 Rd8 38. Ra7 Nc7 39. Kd3 Nb5 40. Rb7 Ra8 41. Ree7 Ra3+ 42. Kc2 Rc3+ 43. Kb1 Rb3+ 44. Ka2 Ra3+ 45. Kb2 Rxf3 46. Rxf7+ Ke8 47. Nxg7+ 1-0

[Event "European Rapid Championship 2021"]
[Site "Katowice"]
[Date "2021.12.18"]
[Round "2.25"]
[White "Rudecki, Bartosz"]
[Black "Molenda, Marcin"]
[Result "1-0"]
[ECO "B12"]
[WhiteElo "1820"]
[BlackElo "2365"]
[Annotator "NA"]
[PlyCount "51"]
[EventDate "2021.12.18"]
[EventType "swiss"]
[EventCountry "POL"]
[SourceTitle "playchess.com"]
[Source "ChessBase"]
[SourceQuality "1"]
[TimeControl "900+10"]

1. e4 c6 2. d4 d5 3. f3 g6 4. Be3 Bg7 5. Nc3 dxe4 6. fxe4 Nf6 7. Nf3 O-O 8. h3 Qb6 9. Qd2 Qxb2 10. Rb1 Qa3 11. Bd3 Nbd7 12. e5 Nd5 13. Nxd5 cxd5 14. Rb3 Qxa2 15. O-O Nb6 16. Qc3 Na4 17. Qb4 a5 18. Qxe7 b5 19. Bxb5 Ba6 20. Bxa6 Rxa6 21. Ng5 Raa8 22. Rxf7 Rxf7 23. Qxf7+ Kh8 24. Rb7 Rg8 25. Ne6 Qa3 26. Bh6 1-0

[Event "European Rapid Championship 2021"]
[Site "Katowice"]
[Date "2021.12.18"]
[Round "2.26"]
[White "Godzwon, Iwo"]
[Black "Smieja, Adam"]
[Result "1-0"]
[ECO "B23"]
[WhiteElo "2352"]
[BlackElo "1818"]
[Annotator "NA"]
[PlyCount "39"]
[EventDate "2021.12.18"]
[EventType "swiss"]
[EventCountry "POL"]
[SourceTitle "playchess.com"]
[Source "ChessBase"]
[SourceQuality "1"]
[TimeControl "900+10"]

1. e4 c5 2. Nc3 Nc6 3. Nge2 d6 4. d4 cxd4 5. Nxd4 e5 6. Nde2 f5 7. exf5 Bxf5 8. Ng3 Be6 9. Bd3 Nf6 10. O-O Be7 11. Bf5 Qd7 12. Bxe6 Qxe6 13. Bg5 O-O-O 14. f4 h6 15. f5 Qc4 16. Bxf6 Bxf6 17. Qd5 Qa6 18.
Nge4 Ne7 19. Qe6+ Kb8 20. Nxf6 1-0

[Event "European Rapid Championship 2021"]
[Site "Katowice"]
[Date "2021.12.18"]
[Round "2.26"]
[White "Jablonski, Marcin"]
[Black "Kjartansson, Gudmundur"]
[Result "0-1"]
[ECO "A47"]
[WhiteElo "1889"]
[BlackElo "2402"]
[Annotator "ChessBase"]
[PlyCount "112"]
[EventDate "2021.12.18"]
[EventType "swiss"]
[EventCountry "POL"]
[SourceTitle "playchess.com"]
[Source "ChessBase"]
[SourceQuality "1"]
[TimeControl "900+10"]

1. d4 Nf6 2. Nf3 b6 3. Bg5 e6 4. e4 h6 5. Bxf6 Qxf6 6. Bd3 Bb7 7. Nbd2 d6 8. Qe2 g5 9. e5 Qe7 10. Ne4 Bxe4 11. Bxe4 d5 12. Bd3 g4 13. Nd2 h5 14. O-O Bh6 15. a3 h4 16. c4 Qg5 17. Rad1 Nd7 18.
cxd5 exd5 19. e6 Nf6 20. Bb5+ Kf8 21. Bc6 Rb8 22. e7+ Kg7 23. Qe5 Qxe5 24. dxe5 Nh5 25. Nb3 Nf4 26. g3 Ng6 27. e8=Q Rhxe8 28. Bxe8 Rxe8 29. Rxd5 Nxe5 30. gxh4 Nf3+ 31.
Kg2 Bf4 32. Nd4 Nxh4+ 33. Kh1 Kg6 34. b4 f5 35. f3 g3 36.
hxg3 Bxg3 37. f4 Kf6 38. Nb5 Re3 39. Nxc7 Rxa3 40. Rd6+ Ke7 41. Rh6 Ra2 42. Nd5+ Kf7 43. Ne3 Re2 44. Rxh4 Bxh4 45. Nxf5 Bf6 46. Nd6+ Ke6 47. Nb5 a6 48. Nc7+ Kf5 49. Nxa6 Kg4 50. Nc7 Kh3 51. Rf3+ Kg4 52. Rf1 Kg3 53. Rd1 Bd4 54. Rd3+ Be3 55. Rxe3+ Rxe3 56. Nd5 Re1# 0-1

[Event "European Rapid Championship 2021"]
[Site "Katowice"]
[Date "2021.12.18"]
[Round "2.27"]
[White "Wiewiora, Eneasz"]
[Black "Kiolbasa, Damian"]
[Result "0-1"]
[ECO "C00"]
[WhiteElo "2333"]
[BlackElo "1893"]
[Annotator "ChessBase"]
[PlyCount "94"]
[EventDate "2021.12.18"]
[EventType "swiss"]
[EventCountry "POL"]
[SourceTitle "playchess.com"]
[Source "ChessBase"]
[SourceQuality "1"]
[TimeControl "900+10"]

1. e4 e6 2. d4 d5 3. Bd3 dxe4 4. Bxe4 Nf6 5. Bf3 c5 6. Ne2 Be7 7. O-O O-O 8. c4 cxd4 9. Qxd4 Nc6 10. Bxc6 bxc6 11. Nbc3 Qxd4 12. Nxd4 c5 13. Nc6 Re8 14. Nxe7+ Rxe7 15. Be3 Ba6 16. b3 Rc7 17. Na4 Rac8 18. Rfd1 Bb7 19. Nxc5 Ng4 20. Nxb7 Nxe3 21. fxe3 Rxb7 22. Rd6 Kf8 23. Rad1 Ke7 24. Ra6 Rc5 25. Rd4 Kf6 26. Kf2 g5 27. g4 Kg6 28. Rd8 h5 29. h3 hxg4 30. hxg4 Re5 31. Rg8+ Kh6 32. Rh8+ Kg6 33. Rg8+ Kh6 34. Kf3 Rd7 35. Ke2 Re4 36. Ra8 Rxg4 37. R6xa7 Rg2+ 38. Kf3 Rdd2 39. Ke4 Rgf2 40. Rg8 Kh5 41. c5 Rc2 42. Ra5 Kg4 43. b4 f6 44. c6 Rxc6 45. b5 Rcc2 46. a4 Rfd2 47.
Ra6 Rc4# 0-1

[Event "European Rapid Championship 2021"]
[Site "Katowice"]
[Date "2021.12.18"]
[Round "2.27"]
[White "Jozwik, Jacek"]
[Black "Kulon, Klaudia"]
[Result "0-1"]
[ECO "E70"]
[WhiteElo "1817"]
[BlackElo "2328"]
[Annotator "ChessBase"]
[PlyCount "90"]
[EventDate "2021.12.18"]
[EventType "swiss"]
[EventCountry "POL"]
[SourceTitle "playchess.com"]
[Source "ChessBase"]
[SourceQuality "1"]
[TimeControl "900+10"]

1. d4 Nf6 2. c4 g6 3. Nc3 Bg7 4. e4 O-O 5. e5 Ne8 6. Nf3 d6 7. Be2 c5 8. exd6 cxd4 9. dxe7 Qxe7 10. Nxd4 Bg4 11. O-O Bxe2 12. Ndxe2 Nd6 13. b3 Nc6 14. Bb2 Rfe8 15. Re1 Qf8 16. Nf4 Rxe1+ 17. Qxe1 b5 18. c5 Nf5 19. Rc1 Re8 20. Qd2 Nfd4 21. Ncd5 g5 22. Nh5 Re6 23. Bxd4 Nxd4 24. Re1 Qxc5 25. Rxe6 Nxe6 26. Nhf6+ Kh8 27. Ne4 Qd4 28.
Qxd4 Bxd4 29. Nd6 a6 30. Nb4 Bc5 31. Nxf7+ Kg7 32. Nxg5 Nxg5 33. Nxa6 Bb6 34. a4 bxa4 35. bxa4 Ne4 36. Nb4 Nxf2 37. Kf1 Ng4 38. h3 Ne3+ 39. Ke2 Nxg2 40. Kf3 Nh4+ 41. Ke4 Kg6 42. Nc6 Nf5 43. a5 Bg1 44. Kd5 Ne3+ 45. Ke6 Kg5 0-1

[Event "European Rapid Championship 2021"]
[Site "Katowice"]
[Date "2021.12.18"]
[Round "2.28"]
[White "Wieczorek, Oskar"]
[Black "Parol, Pola"]
[Result "1-0"]
[ECO "B90"]
[WhiteElo "2367"]
[BlackElo "1892"]
[Annotator "ChessBase"]
[PlyCount "83"]
[EventDate "2021.12.18"]
[EventType "swiss"]
[EventCountry "POL"]
[SourceTitle "playchess.com"]
[Source "ChessBase"]
[SourceQuality "1"]
[TimeControl "900+10"]

1. e4 c5 2. Nf3 d6 3. d4 cxd4 4. Nxd4 Nf6 5. Nc3 a6 6. h4 e5 7. Nb3 Be7 8. Bg5 Nbd7 9. a4 O-O 10. Bc4 Qc7 11. Nd2 b6 12. Qe2 Bb7 13.
O-O h6 14. Be3 Nc5 15. Bxc5 dxc5 16. Rad1 Rfd8 17. Nf3 Rxd1 18.
Rxd1 Bf8 19. g3 Bc8 20. Nd5 Nxd5 21. Bxd5 Rb8 22. Nh2 b5 23. axb5 axb5 24. b3 Be7 25. Qh5 Bf6 26. Ng4 Bxg4 27. Qxg4 c4 28. Ra1 cxb3 29. cxb3 Be7 30. Qf5 Bc5 31. Ra6 Bd4 32. Kg2 b4 33. g4 Kh8 34. Bxf7 Rb6 35. Ra8+ Rb8 36. Ra6 Rb6 37. Rxb6 Bxb6 38. g5 Qd6 39. Bd5 hxg5 40. Qf7 Kh7 41. hxg5 Bd8 42. Qh5+ 1-0

[Event "European Rapid Championship 2021"]
[Site "Katowice"]
[Date "2021.12.18"]
[Round "2.28"]
[White "Janaszak, Dawid"]
[Black "Kaminski, Jan"]
[Result "1-0"]
[ECO "B23"]
[WhiteElo "2328"]
[BlackElo "1812"]
[Annotator "ChessBase"]
[PlyCount "67"]
[EventDate "2021.12.18"]
[EventType "swiss"]
[EventCountry "POL"]
[SourceTitle "playchess.com"]
[Source "ChessBase"]
[SourceQuality "1"]
[TimeControl "900+10"]

1. e4 c5 2. Nc3 a6 3. d4 cxd4 4. Qxd4 Nc6 5. Qd2 g6 6. b3 Bh6 7. f4 d6 8. Bb2 Bg7 9. O-O-O Bg4 10. Nf3 Rc8 11. Kb1 b5 12. f5 Bxf3 13.
gxf3 Nd4 14. f6 Bxf6 15. Nd5 Nxf3 16. Nxf6+ Nxf6 17. Qf4 Ne5 18. Bh3 Rc5 19. b4 Rc4 20. Bxe5 Rxb4+ 21. Bb2 O-O 22. Rhe1 Nd7 23. Qd2 a5 24. e5 Nc5 25. a3 Rh4 26. Re3 Na4 27. exd6 exd6 28. Qxd6 Qg5 29. Re5 Qf4 30. Rf1 Qc4 31. Bg2 Nxb2 32. Kxb2 Rxh2 33. Rc5 Qe2 34. Qxh2 1-0

[Event "European Rapid Championship 2021"]
[Site "Katowice"]
[Date "2021.12.18"]
[Round "2.29"]
[White "Reimanis, Ritvars"]
[Black "Budzisz, Adrian"]
[Result "1-0"]
[ECO "E91"]
[WhiteElo "2397"]
[BlackElo "1985"]
[Annotator "ChessBase"]
[PlyCount "85"]
[EventDate "2021.12.18"]
[EventType "swiss"]
[EventCountry "POL"]
[SourceTitle "playchess.com"]
[Source "ChessBase"]
[SourceQuality "1"]
[TimeControl "900+10"]

1. Nf3 Nf6 2. d4 g6 3. c4 Bg7 4. Nc3 O-O 5. e4 d6 6. Be2 c5 7. d5 e5 8. O-O h6 9. Ne1 Ne8 10. a3 f5 11. b4 b6 12. Rb1 Nf6 13. bxc5 bxc5 14. exf5 gxf5 15. f4 e4 16. Bb2 Nbd7 17. Ba1 Nb6 18. Nc2 Bd7 19. Ne3 Qe8 20. Nb5 Bxb5 21. Rxb5 Qd7 22. Qd2 Ne8 23. Kh1 Nc7 24. Rbb1 Bxa1 25. Rxa1 Rab8 26. g4 fxg4 27. Bxg4 Qg7 28. Nf5 Rxf5 29. Bxf5 Nxc4 30. Qc1 Qd4 31. Rd1 Qf2 32. Rg1+ Kf8 33. Rg2 Qd4 34. Qg1 Qxd5 35. Rd1 Qf7 36. Bxe4 Rb2 37. Rxb2
Nxb2 38. Rb1 Qc4 39. Qg6 Qd4 40. Re1 Nd1 41. Qxh6+ Ke7 42. Bc6+ Kd8 43. Qf8+ 1-0

[Event "European Rapid Championship 2021"]
[Site "Katowice"]
[Date "2021.12.18"]
[Round "2.29"]
[White "Golubovskis, Maksims"]
[Black "Hasinski, Krystian"]
[Result "1-0"]
[ECO "B19"]
[WhiteElo "2210"]
[BlackElo "1811"]
[Annotator "ChessBase"]
[PlyCount "93"]
[EventDate "2021.12.18"]
[EventType "swiss"]
[EventCountry "POL"]
[SourceTitle "playchess.com"]
[Source "ChessBase"]
[SourceQuality "1"]
[TimeControl "900+10"]

1. e4 c6 2. d4 d5 3. Nc3 dxe4 4. Nxe4 Bf5 5. Ng3 Bg6 6. h4 h6 7. Nf3 Nd7 8. h5 Bh7 9. Bd3 Bxd3 10. Qxd3 Ngf6 11. Bd2 e6 12. O-O-O Qc7 13. c4 Bd6 14. Ne4 Bf4 15. Nc3 Bxd2+ 16. Qxd2 b5 17. cxb5 cxb5 18. Kb1 a6 19. d5 O-O 20. dxe6 fxe6 21. Qe2 Rfe8 22. Ne4 Nd5 23. g4 Qc4 24. Qxc4 bxc4 25. g5 Kh7 26. Nd4 N7b6 27. Rhg1 e5 28. Nf5 Rf8 29. Nfd6 Rf4 30. gxh6 gxh6 31. Rg6 Rg8 32. Rdg1 Rxg6 33. hxg6+ Kg8 34. g7 Nf6 35. Nxf6+ Rxf6 36. Ne4 Rf7 37. Rg6 Rxg7 38. Rxb6 Rg1+ 39. Kc2 Kg7 40. Rxa6 h5 41. Ng3 h4 42. Nf5+ Kh7 43. Rh6+ Kg8 44. Rxh4 Rg2 45. Rg4+ Rxg4 46. Nh6+ Kg7 47. Nxg4 1-0

[Event "European Rapid Championship 2021"]
[Site "Katowice"]
[Date "2021.12.18"]
[Round "2.30"]
[White "Paszewski, Mateusz"]
[Black "Meller, Piotr"]
[Result "1-0"]
[ECO "A30"]
[WhiteElo "2202"]
[BlackElo "1805"]
[Annotator "NA"]
[PlyCount "43"]
[EventDate "2021.12.18"]
[EventType "swiss"]
[EventCountry "POL"]
[SourceTitle "playchess.com"]
[Source "ChessBase"]
[SourceQuality "1"]
[TimeControl "900+10"]

1. c4 c5 2. Nf3 Nf6 3. Nc3 e6 4. g3 b6 5. Bg2 Bb7 6. O-O Be7 7. Re1 d6 8. e4 a6 9. d4 cxd4 10. Nxd4 Qc7 11. Be3 Nbd7 12. Rc1 Rc8 13. f4 O-O 14. g4 Nc5 15. Bf2 e5 16. Nf5 exf4 17. b4 Ne6 18.
Nd5 Nxd5 19. exd5 Bg5 20. dxe6 fxe6 21. Bxb7 Qxb7 22. Nxd6 1-0

[Event "European Rapid Championship 2021"]
[Site "Katowice"]
[Date "2021.12.18"]
[Round "2.30"]
[White "Lukasiewicz, Aleksander"]
[Black "Nasuta, Grzegorz"]
[Result "0-1"]
[ECO "B86"]
[WhiteElo "1887"]
[BlackElo "2345"]
[Annotator "ChessBase"]
[PlyCount "72"]
[EventDate "2021.12.18"]
[EventType "swiss"]
[EventCountry "POL"]
[SourceTitle "playchess.com"]
[Source "ChessBase"]
[SourceQuality "1"]
[TimeControl "900+10"]

1. e4 c5 2. Nf3 e6 3. d4 cxd4 4. Nxd4 Nf6 5. Nc3 d6 6. Bc4 Be7 7. Be3 O-O 8. Bb3 Na6 9. O-O Nc5 10. f4 Nfxe4 11. Nxe4 Nxe4 12. f5 d5 13. Qh5 Bg5 14. Rae1 g6 15. fxg6 hxg6 16. Qe2 Bd7 17. c3 Qe7 18. Bc2 f5 19. Bxg5 Qxg5 20. Nf3 Qf6 21. Nd4 e5 22. Bxe4 dxe4 23. Qc4+ Qf7 24. Qxf7+ Rxf7 25. Nb3 Bb5 26. Rf2 Rd8 27. Rc2 Rfd7 28. Kf2 Bd3 29. Rd2 f4 30. Kg1 e3 31. Rdd1 Bc4 32. Rxd7 Rxd7 33. Nc5 Rd2 34. Nxb7 Bd5 35. Nc5 Rxg2+ 36. Kf1 Rxh2 0-1

[Event "European Rapid Championship 2021"]
[Site "Katowice"]
[Date "2021.12.18"]
[Round "3.1"]
[White "Keinanen, Toivo"]
[Black "Luberanski, Jakub"]
[Result "1-0"]
[ECO "A48"]
[WhiteElo "2341"]
[BlackElo "2199"]
[Annotator "NA"]
[PlyCount "77"]
[EventDate "2021.12.18"]
[EventType "swiss"]
[EventCountry "POL"]
[SourceTitle "playchess.com"]
[Source "ChessBase"]
[SourceQuality "1"]
[TimeControl "900+10"]

1. d4 Nf6 2. Nf3 g6 3. Nbd2 d5 4. c4 c6 5. e3 Bg7 6. Be2 O-O 7. O-O Bg4 8. h3 Bxf3 9. Nxf3 e6 10. b4 Nbd7 11. Qb3 Ne4 12. Bb2 a6 13.
a4 Nd6 14. c5 Nf5 15. b5 Qe7 16. Bd3 e5 17. Bxf5 gxf5 18. Nxe5 Bxe5 19. dxe5 Nxc5 20. Qb4 a5 21. Qa3 cxb5 22. axb5 b6 23. Rad1 Qd7 24. Bd4 Rfc8 25. Kh2 Qxb5 26. Rb1 Qc6 27. g4 fxg4 28. Rg1 Kf8 29. Rxg4 Ke7 30. Rf4 Rab8 31. Rf6 Qc7 32. Rd6 Rd8 33. Rdxb6 Rxb6 34. Rxb6 Rc8 35. Rb5 Ke6 36. Rxc5 Qb7 37. Rxc8 Qxc8 38. Qxa5 Qc2 39. Qb6+ 1-0

[Event "European Rapid Championship 2021"]
[Site "Katowice"]
[Date "2021.12.18"]
[Round "3.2"]
[White "Woloch, Oskar"]
[Black "Bjerre, Jonas Buhl"]
[Result "1-0"]
[ECO "A21"]
[WhiteElo "2036"]
[BlackElo "2330"]
[Annotator "NA"]
[PlyCount "69"]
[EventDate "2021.12.18"]
[EventType "swiss"]
[EventCountry "POL"]
[SourceTitle "playchess.com"]
[Source "ChessBase"]
[SourceQuality "1"]
[TimeControl "900+10"]

1. c4 e5 2. Nc3 Bb4 3. Nd5 a5 4. a3 Bc5 5. e3 Nf6 6. g3 Nxd5 7. cxd5 d6 8. Bg2 h5 9. h3 h4 10. g4 f5 11. d4 exd4 12. exd4 Bb6 13.
g5 O-O 14. Ne2 f4 15. Bxf4 Bf5 16. Be3 Qe7 17. O-O Be4 18. Nc3 Bf5 19. Qh5 g6 20. Qxh4 Nd7 21. Rac1 Rae8 22. Ne2 Rf7 23. Nf4 Be4 24. Rfe1 Bxg2 25. Nxg6 Rh7 26. Nxe7+ Rexe7 27. Qxh7+ Kxh7 28. Kxg2 Kg6 29. Kg3 Kf5 30. h4 Rh7 31. f3 Nf8 32. Bf2 Ng6 33.
Re6 Nxh4 34. Rh1 Kxg5 35. f4+ 1-0

[Event "European Rapid Championship 2021"]
[Site "Katowice"]
[Date "2021.12.18"]
[Round "3.3"]
[White "Szpar, Milosz"]
[Black "Samborski, Henryk"]
[Result "1-0"]
[ECO "B53"]
[WhiteElo "2315"]
[BlackElo "2029"]
[Annotator "NA"]
[PlyCount "77"]
[EventDate "2021.12.18"]
[EventType "swiss"]
[EventCountry "POL"]
[SourceTitle "playchess.com"]
[Source "ChessBase"]
[SourceQuality "1"]
[TimeControl "900+10"]

1. e4 c5 2. Nf3 d6 3. d4 cxd4 4. Qxd4 Nc6 5. Bb5 Bd7 6. Bxc6 Bxc6 7. Nc3 e5 8. Qd3 h6 9. O-O Be7 10. a4 Nf6 11. Nd2 O-O 12. Nc4 Rc8 13. Rd1 Qc7 14. Ne3 Rfd8 15. b3 Bf8 16. Bb2 b6 17. Rac1 g6 18. Ba3 Qb7 19. Ncd5 Bxd5 20. Nxd5 Nxd5 21. Qxd5 Qxd5 22. Rxd5 f5 23. c4 Kf7 24. Rcd1 Ke6 25. f4 fxe4 26. fxe5 Be7 27. exd6 Bf6 28. Re1 Rd7 29. Rxe4+ Kf7 30. g3 h5 31. Kg2 Re8 32. Rxe8 Kxe8 33. Kf3 Kf7 34. Ke4 Ke6 35. a5 Bg7 36. axb6 axb6 37. Rb5 Ra7 38. Bb4 Ra6 39. Rg5 1-0

[Event "European Rapid Championship 2021"]
[Site "Katowice"]
[Date "2021.12.18"]
[Round "3.4"]
[White "Kindler, Przemyslaw"]
[Black "Kozak, Antoni"]
[Result "0-1"]
[ECO "B90"]
[WhiteElo "2032"]
[BlackElo "2356"]
[Annotator "ChessBase"]
[PlyCount "116"]
[EventDate "2021.12.18"]
[EventType "swiss"]
[EventCountry "POL"]
[SourceTitle "playchess.com"]
[Source "ChessBase"]
[SourceQuality "1"]
[TimeControl "900+10"]

1. e4 c5 2. Nf3 d6 3. d4 Nf6 4. Nc3 cxd4 5. Nxd4 a6 6. Bc4 e5 7. Nf3 Be7 8. O-O O-O 9. h3 b5 10. Bd5 Ra7 11. Be3 Rd7 12. b4 Qc7 13.
Qd2 Bb7 14. a4 bxa4 15. Rxa4 Rc8 16. Ra3 Bf8 17. Rc1 Nc6 18. b5 axb5 19. Nxb5 Qd8 20. Bg5 Be7 21. Bxf6 Bxf6 22. c4 g6 23. Rd3 Be7 24. Rd1 Qf8 25. c5 Ba6 26. Bc4 Nd4 27. Nfxd4 exd4 28. Rf3 d5 29. Bxd5 Bxb5 30. Rxf7 Qxf7 31. Bxf7+ Kxf7 32. e5 Kg7 33. Qb2 Rxc5 34. Rxd4 Rdc7 35. Rf4 Be8 36. h4 Rc2 37. Qb6 R2c6 38. Qb3 h5 39. Kh2 Rc3 40. Qe6 R3c6 41. Qb3 Bf8 42. Qb8 Bf7 43. g3 Be7 44. Qb2 Be6 45. Rf3 Rc1 46. Qd2 Ra1 47. Rd3 Rcc1 48. Qb2 Rh1+ 49. Kg2 Rag1+ 50. Kf3 Rb1 51. Qc3 Bg4+ 52. Ke3 Rhe1+ 53. Kf4 Rb4+ 54. Rd4 Reb1 55. e6 R1b3 56. Qa1 Bf6 57. Qa7+ Kh6 58. e7 Bxd4 0-1

[Event "European Rapid Championship 2021"]
[Site "Katowice"]
[Date "2021.12.18"]
[Round "3.5"]
[White "Kyc, Jerzy"]
[Black "Malek, Jan"]
[Result "1/2-1/2"]
[ECO "B34"]
[WhiteElo "2308"]
[BlackElo "2029"]
[Annotator "NA"]
[PlyCount "55"]
[EventDate "2021.12.18"]
[EventType "swiss"]
[EventCountry "POL"]
[SourceTitle "playchess.com"]
[Source "ChessBase"]
[SourceQuality "1"]
[TimeControl "900+10"]

1. e4 c5 2. Nf3 Nc6 3. d4 cxd4 4. Nxd4 g6 5. Nc3 Bg7 6. Be3 Nf6 7. Nxc6 bxc6 8. e5 Ng8 9. Bd4 Qa5 10. Bc4 Bxe5 11. f4 Bxd4 12. Qxd4 Nf6 13. O-O-O d5 14. Bb3 Be6 15. h3 O-O 16. g4 c5 17. Qe5 Nd7 18. Qg5 f6 19. Qh6 c4 20. Ba4 Nb6 21. Bc6 Rac8 22. f5 d4 23.
Nd5 Nxd5 24. fxg6 hxg6 25. Qxg6+ Kh8 26. Qh6+ Kg8 27. Qg6+ Kh8 28. Qh6+ 1/2-1/2

[Event "European Rapid Championship 2021"]
[Site "Katowice"]
[Date "2021.12.18"]
[Round "3.6"]
[White "Jonsson, Gauti Pall"]
[Black "Wisniewski, Adrian"]
[Result "1-0"]
[ECO "A05"]
[WhiteElo "2014"]
[BlackElo "2351"]
[Annotator "NA"]
[PlyCount "81"]
[EventDate "2021.12.18"]
[EventType "swiss"]
[EventCountry "POL"]
[SourceTitle "playchess.com"]
[Source "ChessBase"]
[SourceQuality "1"]
[TimeControl "900+10"]

1. Nf3 Nf6 2. g3 g6 3. b3 Bg7 4. Bb2 c5 5. e4 O-O 6. e5 Nd5 7. c4 Nb4 8. d4 cxd4 9. Bg2 d3 10. O-O Nc2 11. Qxd3 Nxa1 12. Bxa1 Nc6 13. h4 d6 14. h5 Qa5 15. h6 Nxe5 16. Nxe5 Bxe5 17. Bc3 Bxc3 18. Nxc3 Qg5 19. Nd5 e6 20. f4 Qd8 21. Qc3 f6 22. Ne3 Qc7 23. g4 Bd7 24. f5 exf5 25. Bd5+ Kh8 26. g5 Bc6 27. gxf6 Rae8 28. f7+ Re5 29. Bxc6 bxc6 30. c5 Qxf7 31. cxd6 Qf6 32. Ng4 Qxd6 33. Qxe5+ Qxe5 34. Nxe5 Re8 35. Rd1 Kg8 36. Nxc6 Re2 37. Rd8+ Kf7 38. Rd7+ Kf6 39. Rxh7 Rxa2 40. Rxa7 Rb2 41. h7 1-0

[Event "European Rapid Championship 2021"]
[Site "Katowice"]
[Date "2021.12.18"]
[Round "3.7"]
[White "Hasterok, Mateusz"]
[Black "Jagodzinski, Piotr"]
[Result "0-1"]
[ECO "D37"]
[WhiteElo "2132"]
[BlackElo "2145"]
[Annotator "NA"]
[PlyCount "122"]
[EventDate "2021.12.18"]
[EventType "swiss"]
[EventCountry "POL"]
[SourceTitle "playchess.com"]
[Source "ChessBase"]
[SourceQuality "1"]
[TimeControl "900+10"]

1. d4 d5 2. c4 e6 3. Nc3 Nf6 4. Nf3 Be7 5. Bf4 O-O 6. e3 c6 7. c5 Nbd7 8. Bd3 b6 9. b4 bxc5 10. bxc5 Qa5 11. Qd2 Ba6 12. O-O Bxd3 13. Qxd3 Nh5 14. Rab1 Nxf4 15. exf4 Rab8 16. Ne5 Nxe5 17. fxe5 Bg5 18. g3 Qa3 19. f4 Be7 20. Kh1 Rfd8 21. Rfd1 Bf8 22. Qc2 g6 23. Kg2 Kg7 24. h4 h5 25. Rd3 Qa6 26. Nd1 Be7 27. Rdb3 Qa4 28.
Qb2 Rxb3 29. axb3 Qb4 30. Qc3 Bxc5 31. Qxb4 Bxb4 32. Rc1 Rc8 33. Nf2 Bd2 34. Rd1 Bc3 35. Rd3 Ba5 36. g4 hxg4 37. Nxg4 c5 38.
h5 c4 39. h6+ Kh8 40. bxc4 dxc4 41. Rd1 c3 42. Ne3 Bb4 43. Rc1 a5 44. Rc2 a4 45. d5 exd5 46. Nxd5 Ba5 47. Ne3 a3 48. Ra2 Bb6 49. Nc2 Bc5 50.
Kf3 Rd8 51. Ra1 Rd2 52. Ra2 Kh7 53. Ke4 Kxh6 54. f5 g5 55.
e6 fxe6 56. fxe6 Kg6 57. Ke5 Bd6+ 58. Ke4 Kf6 59. Ke3 g4 60. Ke4 g3 61. Kf3 g2 0-1

[Event "European Rapid Championship 2021"]
[Site "Katowice"]
[Date "2021.12.18"]
[Round "3.8"]
[White "Karolczuk, Iwo"]
[Black "Szwed, Jacek"]
[Result "1-0"]
[ECO "D25"]
[WhiteElo "2007"]
[BlackElo "2372"]
[Annotator "NA"]
[PlyCount "61"]
[EventDate "2021.12.18"]
[EventType "swiss"]
[EventCountry "POL"]
[SourceTitle "playchess.com"]
[Source "ChessBase"]
[SourceQuality "1"]
[TimeControl "900+10"]

1. d4 d5 2. Nf3 Nf6 3. c4 dxc4 4. e3 b5 5. a4 b4 6. Bxc4 e6 7. O-O Be7 8. b3 O-O 9. Bb2 Bb7 10. Nbd2 c5 11. Qe2 Nbd7 12. Rfd1 cxd4 13. Nxd4 Nc5 14. N2f3 Qa5 15. Rac1 Rac8 16. Ba1 Rfd8 17. Ne5 Nd5 18. Qh5 g6 19. Qh3 Rf8 20. Ng4 Nc3 21. Nb5 N5xa4 22. Rd7 Bg5 23. Rxb7 Ne2+ 24. Kf1 Nxc1 25. Nf6+ Bxf6 26.
Bxf6 Rfd8 27. g3 h5 28. Rxf7 Rxc4 29. Rg7+ Kf8 30. Qxe6 Rc7 31. Rg8# 1-0